 Dungeon Crawl Stone Soup version 0.29-a0-757-g358383bc75 (webtiles) character file.

Game seed: 2445047204370338474

285 buhh the Trooper (level 6, -6/67 HPs)
             Began as an Octopode Transmuter on June 30, 2022.
             Was an Initiate of Cheibriados.
             Splashed by a jelly's acid (11 damage)
             ... on level 5 of the Dungeon.
             The game lasted 00:06:56 (4265 turns).

buhh the Trooper (Octopode Transmuter)              Turns: 4265, Time: 00:06:57

Health: -6/67      AC: 15    Str: 10    XL:     6   Next: 29%
Magic:  9/9        EV:  2    Int: 19    God:    Cheibriados [......]
Gold:   175        SH:  0    Dex: 13    Spells: 8/9 levels left

rFire   . . .      SeeInvis .     - Unarmed
rCold   . . .      Faith    .   (no shield)
rNeg    . . .      Spirit   .   (helmet currently unavailable)
rPois   +          Reflect  .   (no amulet)
rElec   .          Harm     .   m - +4 ring of evasion
rCorr   .          Rampage  .   h - ring of poison resistance
Will    .....      NoTele   +   j - ring of flight
Stlth   ++........              (no ring)
HPRegen 0.21/turn               (no ring)
MPRegen 0.11/turn               (no ring)
                                (no ring)
                                (no ring)

@: tree-form, corroded, very slow
A: stationary, stasis, torment immunity, boosted hp, almost no armour,
(amphibious), 8 rings, (camouflage 1), (gelatinous body 1), (nimble swimmer 1),
(tentacles)
a: Renounce Religion


You were on level 5 of the Dungeon.
You worshipped Cheibriados.
Cheibriados was noncommittal.
You were a tree.
You visited 2 branches of the dungeon, and saw 6 of its levels.

You collected 175 gold pieces.

Inventory:

Magical Staves
 q - a staff of conjuration
Jewellery
 h - a ring of poison resistance (right branch)
 j - a ring of flight (on tentacle)
 m - a +4 ring of evasion (left branch)
 s - a ring of fire
Wands
 f - a wand of flame (19)
 r - a wand of polymorph (4)
Scrolls
 g - 2 scrolls of identify {!d}
 i - a scroll of brand weapon
 k - a scroll of amnesia {unknown}
 n - a scroll of immolation {unknown}
 o - a scroll of magic mapping {unknown}
 p - 2 scrolls of fear {unknown}
 t - 4 scrolls of teleportation {!d}
Potions
 a - 2 potions of cancellation {unknown}
 b - a potion of brilliance {unknown}
 c - a potion of mutation {unknown}
 d - a potion of heal wounds {unknown}
 e - 3 potions of might {unknown}
 N - 2 potions of curing {!q!d}


   Skills:
 + Level 5.4 Fighting
 - Level 2.0 Dodging
 - Level 4.0 Stealth
 - Level 3.0 Unarmed Combat
 - Level 2.0 Spellcasting
 - Level 2.0 Transmutations


You had 8 spell levels left.
You knew the following spells:

 Your Spells              Type           Power      Damage    Failure   Level
a - Beastly Appendage     Tmut           18%        N/A       8%          1

Your spell library contained the following spells:

 Spells                   Type           Power      Damage    Failure   Level
 Wereblood                Tmut           9%         N/A       11%         2
 Spider Form              Tmut/Pois      5%         N/A       32%         3
 Ice Form                 Ice/Tmut       5%         N/A       73%         4
 Chain Lightning          Conj/Air       0%         2d1       100%        9
 Fire Storm               Conj/Fire      0%         6d1       100%        9
 Shatter                  Erth           0%         3d5*      100%        9


Dungeon Overview and Level Annotations

Branches:
Dungeon (5/15) Zot: 38826  Temple (1/1) D:4 Zot: 8920

Altars:
Ashenzari
Cheibriados
Fedhas
Hepliaklqana
Nemelex Xobeh
Qazlal
Uskayaw
Vehumet
Wu Jian
Xom
The Shining One


Innate Abilities, Weirdness & Mutations

You are a tree.
Your roots penetrate the ground, keeping you stationary.
You cannot be teleported.
You are immune to unholy pain and torment.
Your maximum health is greatly increased.
You cannot wear most types of armour.
((You are amphibious.))
You can wear up to eight rings at the same time.
((Your skin changes colour to match your surroundings (Stealth+).))
((Your rubbery body absorbs attacks. (AC +1, EV +1)))
((You are camouflaged when in or above water. (Stealth+)))
((You have tentacles for arms and can constrict up to eight enemies at once.))


Message History

The jelly is lightly wounded.
Nothing quivered!
Casting: Beastly Appendage (safe; 8% risk of failure)
Press: ? - help, Q - select action, (/) - cycle Dir - look around, f - activate One of your tentacles grows a vicious spike.
The jelly seems less confused.
The jelly closely misses you.
You tentacle-slap the jelly but do no damage.
Your tentacles burn!
You pierce the jelly.
The jelly is lightly wounded.
The jelly misses you.
You tentacle-slap the jelly.
Your tentacles burn!
The jelly is moderately wounded.
The jelly barely misses you.
You tentacle-slap the jelly but do no damage.
The acid corrodes you!
Your tentacles burn!
You pierce the jelly, but do no damage.
The jelly is moderately wounded.
The jelly closely misses you.
You tentacle-slap the jelly but do no damage.
Your tentacles burn!
You pierce the jelly.
The jelly is heavily wounded.
The jelly hits you. The acid corrodes you!
You are splashed with acid!
Really quaff the potion of lignification?
Your tentacle spike disappears.
You turn into a tree.
Your roots penetrate the ground.
The jelly hits you.
You are splashed with acid!
You hit the jelly.
Your branches burn!
You punch the jelly, but do no damage.
The jelly is heavily wounded.
The jelly hits you.
* * * LOW HITPOINT WARNING * * *
You are splashed with acid!
* * * LOW HITPOINT WARNING * * *
You hit the jelly but do no damage.
Your branches burn!
* * * LOW HITPOINT WARNING * * *
The jelly is heavily wounded.
The jelly hits you.
* * * LOW HITPOINT WARNING * * *
You are splashed with acid!
You die...

.... .# ##...# ##.#
.#..###.. #####
....##.# #....#
#......##....#
#..#.........#
######..#.#.......#
....[.....)..J....#
#####.....#♣.....#
#.#.#.#...(..#
#.#.#.#..(...#
#.#.#.....(..#
#...##.......#
#..###.......# #
#.>#####...### #.
###...# ##..
#..##.....#


You could see a jelly.

Vanquished Creatures
  A phantom (D:4)
  2 iguanas (D:4)
  6 adders
  A shadow imp (D:5)
  2 worms (D:3)
  2 dart slugs
  9 orcs
  11 endoplasms
  4 giant cockroaches
  7 goblins
  6 hobgoblins
  3 quokkas
  10 ball pythons
  3 bats
  9 kobolds
  5 rats
81 creatures vanquished.

Notes
Turn   | Place    | Note
-------+----------+-------------------------------------------
     0 | D:1      | buhh the Octopode Transmuter began the quest for the Orb.
     0 | D:1      | Reached XP level 1. HP: 13/13 MP: 3/3
   192 | D:1      | Reached XP level 2. HP: 18/18 MP: 3/5
   642 | D:1      | Reached XP level 3. HP: 21/24 MP: 4/6
  1957 | D:3      | Reached skill level 2 in Fighting
  2170 | D:3      | Found a faded altar of an unknown god.
  2182 | D:3      | Reached XP level 4. HP: 30/30 MP: 7/7
  2248 | D:3      | Reached skill level 3 in Fighting
  2679 | D:3      | Found a broken altar of Ashenzari.
  2946 | D:3      | Found a glowing golden altar of the Shining One.
  3100 | D:4      | Noticed a phantom
  3263 | D:4      | Killed a phantom
  3264 | D:4      | Reached skill level 4 in Fighting
  3264 | D:4      | Reached XP level 5. HP: 38/38 MP: 8/8
  3630 | D:4      | Reached XP level 6. HP: 45/45 MP: 7/9
  3658 | D:4      | Reached skill level 5 in Fighting
  3722 | D:4      | Found a staircase to the Ecumenical Temple.
  3733 | Temple   | Entered the Ecumenical Temple
  3768 | Temple   | Became a worshipper of Cheibriados the Contemplative
  4208 | D:5      | Entered Level 5 of the Dungeon
  4265 | D:5      | Splashed by a jelly's acid

Illustrated notes

Levels and vault maps discovered:
D:1:      erik_arrival_cave_to_civilisation [erik_arrival_cave_to_hall],
          layout_loops_ring
D:2:      layout_basic
D:3:      layout_rooms, mainiacjoe_overflow_two_lobes,
          nicolae_ecumenical_snake_handling, minmay_ruptured
D:4:      minmay_angry_zag, layout_basic, minmay_temple_entry_statues,
          glass_columns_a
D:5:      layout_rooms, uniq_menkaure, uniq_sigmund
Temple:   regret_index_temple_mists

Skill      XL: |  1  2  3  4  5  6 |
---------------+-------------------+-----
Stealth        | 1 3 4 |  4.0
Fighting       | 2 4 5 |  5.4
Dodging        | |  2.0
Unarmed Combat | |  3.0
Spellcasting   | |  2.0
Transmutations | |  2.0

Action                   |  1- 3 |  4- 6 || total
-------------------------+-------+-------++-------
Melee: Unarmed           |    80 |    89 ||   169
       Kick              |    23 |    24 ||    47
       Constrict         |    19 |    21 ||    40
       Tentacles         |    13 |    13 ||    26
       Punch             |     5 |     4 ||     9
Throw: Dart              |       |     6 ||     6
 Cast: Beastly Appendage |    27 |    27 ||    54
Evoke: Wand              |       |     6 ||     6
  Use: Potion            |       |     4 ||     4
       Scroll            |       |     2 ||     2
 Stab: Sleeping          |    16 |    10 ||    26
Armor: Skin              |     8 |    39 ||    47
Dodge: Dodged            |    36 |    47 ||    83

Table legend: (Time is in decaauts)
 A = Elapsed time spent in this place.
 B = Non-inter-level travel time spent in this place.
 C = Inter-level travel time spent in this place.
 D = Time resting spent in this place.
 E = Time spent auto-exploring this place.
 F = Levels seen in this place.
 G = Mean time per level.
                   A        B        C        D        E       F      G
               +--------+--------+--------+--------+--------+-----+--------+
         Total |   4372 |   4223 |    149 |    411 |   3152 |   6 |  728.7 |
       Dungeon |   4310 |   4188 |    122 |    411 |   3129 |   5 |  862.0 |
        Temple |     62 |     36 |     26 |      0 |     23 |   1 |   62.0 |
               +--------+--------+--------+--------+--------+-----+--------+

Top non-repeatable levels by time:
     D:3: 1230 daAuts
     D:4: 1113 daAuts
     D:1: 986 daAuts
     D:2: 918 daAuts
     D:5: 62 daAuts
  Temple: 62 daAuts
